 Dungeon Crawl Stone Soup version 0.27-a0-828-g8289197e94 (webtiles) character file.

Game seed: 4842411335030761980

5192 jasper the Cleaver (level 10, -2/81 HPs)
             Began as a Minotaur Delver on Mar 30, 2021.
             Was an Elder of Hepliaklqana.
             Shot with an arrow by a centaur (11 damage)
             ... on level 8 of the Dungeon.
             The game lasted 00:17:42 (9615 turns).

jasper the Cleaver (Minotaur Delver)                Turns: 9615, Time: 00:17:42

Health: -2/81      AC: 12    Str: 16    XL:     10   Next: 34%
Magic:  9/9        EV: 10    Int:  7    God:    Hepliaklqana [****..]
Gold:   377        SH:  5    Dex: 16    Spells: 7/9 levels left

rFire    + . .     SeeInvis .   k - +0 war axe
rCold    . . .     Faith    .   (no shield)
rNeg     + . .     Spirit   .   z - +1 chain mail
rPois    .         Reflect  +   D - +1 hat
rElec    .         Harm     .   (no cloak)
rCorr    .         Rampage  .   (no gloves)
Will     .....                  (no boots)
Stlth    ..........             h - amulet of reflection
HPRegen  0.23/turn              C - ring of positive energy
MPRegen  0.11/turn              A - ring of protection from fire

@: mighty
A: reduced essence, horns 2, retaliatory headbutt
a: Renounce Religion, Recall Ancestor, Ancestor Identity, Transference, Idealise


You were on level 8 of the Dungeon.
You worshipped Hepliaklqana.
Hepliaklqana was greatly pleased with you.
You visited 1 branch of the dungeon, and saw 8 of its levels.

You collected 377 gold pieces.

Inventory:

Hand Weapons
 a - a +0 hand axe
 k - a +0 war axe (weapon)
 l - a +0 morningstar
 F - a +0 short sword
 G - the +7 trident of the Shining Light {vamp, Str+2}
   (You found it on level 5 of the Dungeon)

   It inflicts no extra harm, but heals its wielder when it wounds a living foe.
   It affects your strength (+2).
Missiles
 f - 109 bolts
 j - 289 stones (quivered)
 s - 11 boomerangs
 B - 6 curare-tipped darts
Armour
 b - a +0 leather armour
 y - a +0 ring mail
 z - a +1 chain mail (worn)
 D - a +1 hat (worn)
Jewellery
 h - an amulet of reflection (around neck)
 A - a ring of protection from fire (right hand)
 C - a ring of positive energy (left hand)
 E - a +6 ring of strength
Wands
 g - a wand of digging (6)
Scrolls
 c - 5 scrolls of fog
 d - 3 scrolls of magic mapping
 n - 2 scrolls of amnesia
 p - a scroll of holy word
 w - 2 scrolls of vulnerability
 x - 2 scrolls of enchant armour
 H - a scroll of teleportation
 I - 2 scrolls of identify
Potions
 i - a potion of mutation
 m - 2 potions of might
 r - 2 potions of degeneration
 u - a potion of lignification {unknown}
 v - a potion of attraction {unknown}
 J - a potion of heal wounds {unknown}


   Skills:
 + Level 9.1 Fighting
 * Level 11.6 Axes
 + Level 8.2 Armour
 + Level 7.8 Dodging
 - Level 4.1 Stealth


You had 7 spell levels left.
You knew the following spells:

 Your Spells              Type           Power      Damage    Failure   Level
a - Blink                 Tloc           N/A        N/A       100%        2

Your spell library contained the following spells:

 Spells                   Type           Power      Damage    Failure   Level
 Magic Dart               Conj           0%         1d3       99%         1
 Call Imp                 Summ           0%         N/A       100%        2
 Slow                     Hex            0%         N/A       100%        2
 Conjure Flame            Conj/Fire      0%         6-21      100%        3
 Mephitic Cloud           Conj/Pois/Air  0%         N/A       100%        3


Dungeon Overview and Level Annotations

Branches:
Dungeon (8/15)             Temple (0/1) D:5
   Lair: D:8-11

Altars:
Gozag
Hepliaklqana
Makhleb
Qazlal
Ru
Uskayaw
Beogh

Shops:
D:7 (

Annotations:
D:7 3 runed translucent doors, exclusion: oklob plant, ArabianNights's ghost, amateur DjGl


Innate Abilities, Weirdness & Mutations

Your life essence is reduced to manifest your ancestor. (-10% HP)
You have a pair of horns on your head.
You reflexively headbutt those who attack you in melee.


Message History

Centenhua drains the yak.
You hit something.
The yak gores Centenhua!
Centenhua is destroyed!
Something hits you. Something shocks you.
Something gores the yak!
The yak bellows!
You take 7 damage, and have 41/81 hp.
Okay, then.
Okay, then.
You feel very mighty all of a sudden. Something hits you but does no damage.
You completely miss something. You hit the yak. The yak barely misses you.
Something hits you but does no damage.
You closely miss something. You barely miss the yak. The yak gores you!
Something hits you but does no damage.
You take 9 damage, and have 33/81 hp.
You closely miss something. Your headbutt misses something.
You barely miss the yak. You block the yak's attack.
You block something's attack.
You miss something. Your headbutt misses something.
You completely miss the yak. The yak barely misses you. Something hits you.
Something shocks you.
* * * LOW HITPOINT WARNING * * *
You take 9 damage, and have 24/81 hp.
You barely miss something. You barely miss the yak. The yak gores you.
* * * LOW HITPOINT WARNING * * *
Something hits you but does no damage.
You take 1 damage, and have 23/81 hp.
You slash something!
Reactivating autopickup.
You feel a bit more experienced.
You barely miss the yak. The yak gores you but does no damage.
The centaur shouts!
The centaur wields a +0 shortbow.
The centaur shoots an arrow.
The arrow hits you.
* * * LOW HITPOINT WARNING * * *
The centaur shoots an arrow.
The arrow hits you!
* * * LOW HITPOINT WARNING * * *
You take 15 damage, and have 9/81 hp.
The centaur shoots an arrow.
The arrow hits you!
You die...

#.. #...#..#.####... #...
########.#.#.#### #### #...
#........(#### # #...
##.....#### ####### #
###...###.####.# #.....# #
............##.# ###.....# #
........<....#.### #.......# #
..........c..#...# #.#.....# #
#.#...#.#....@.#.###Y#.....###
#...#.####.#.Y...Yy.........
#.. #.# #.#..#######.#.###. #.
#.# #....#P...P#..## . .. ..#
###..#c###.#)#.# (.# #..#
+$#.)Y### #.# #..#.###.#)# #.#
#..#P... #Y)..# #..####
#.#.#.#


You could see 2 yaks, a vampire mosquito and a centaur.

Vanquished Creatures
  A two-headed ogre (D:8)
  Pikel (D:6)
  A manticore (D:8)
  A slime creature (D:8)
  A wyvern (D:8)
  A basilisk (D:8)
  A steam dragon (D:8)
  2 orc warriors
  An ice beast (D:7)
  2 black bears
  A sky beast (D:8)
  2 ogres
  2 centaurs
  A kobold brigand (D:8)
  A gnoll sergeant (D:7)
  A wyvern zombie (D:6)
  3 bullfrogs
  A scorpion (D:5)
  A wyvern skeleton (D:7)
  2 wights (D:7)
  A howler monkey (D:7)
  6 electric eels (D:6)
  A centaur zombie (D:7)
  3 jellies
  A bullfrog skeleton (D:6)
  3 orc priests
  3 hounds
  Jessica (D:3)
  4 iguanas
  An orc wizard (D:4)
  A hound zombie (D:5)
  A howler monkey zombie (D:7)
  5 gnolls
  A hexer (D:6)
  4 adders
  2 white imps (D:7)
  3 dart slugs
  22 orcs
  21 endoplasms
  9 giant cockroaches
  2 goblins
  4 jackals (D:2)
  6 kobolds
  A quokka (D:4)
  5 ball pythons
  2 bats
  A frilled lizard (D:3)
  2 rats (D:1)
143 creatures vanquished.

Vanquished Creatures (collateral kills)
  A water moccasin (D:5)
  A sky beast (D:4)
  An ice beast (D:5)
  An ogre (D:6)
  A kobold brigand (D:8)
  A scorpion (D:5)
  2 wights (D:7)
  A howler monkey (D:7)
  A jelly (D:7)
  A centaur skeleton (D:6)
  2 iguanas
  Terence (D:3)
  A howler monkey skeleton (D:6)
  2 gnolls
  7 orcs
  An endoplasm (D:3)
  A goblin (D:1)
  A hobgoblin (D:1)
27 creatures vanquished.

Vanquished Creatures (others)
  3 hexers
  3 kobolds (D:8)
  9 fungi (D:7)
  24 plants
39 creatures vanquished.

Grand Total: 209 creatures vanquished

Notes
Turn   | Place    | Note
-------+----------+-------------------------------------------
     0 | D:5      | jasper the Minotaur Delver began the quest for the Orb.
     0 | D:5      | Reached XP level 1. HP: 19/19 MP: 0/0
    69 | D:6      | Reached skill level 3 in Axes
    69 | D:6      | Reached skill level 1 in Armour
    69 | D:6      | Reached XP level 2. HP: 8/27 MP: 1/1
    69 | D:6      | Reached XP level 3. HP: 10/33 MP: 2/2
   655 | D:4      | Found a glowing drain.
   716 | D:4      | Reached XP level 4. HP: 24/40 MP: 3/3
   921 | D:4      | Reached skill level 4 in Axes
  1054 | D:4      | Found an opulent altar of Gozag.
  1055 | D:4      | Found a hazy altar of Hepliaklqana.
  1062 | D:4      | Became a worshipper of Hepliaklqana the Forgotten
  1308 | D:3      | Reached XP level 5. HP: 27/42 MP: 4/4
  2232 | D:1      | Reached * piety under Hepliaklqana
  3647 | D:3      | Noticed Terence
  3657 | D:3      | Killed Terence
  3658 | D:3      | Reached skill level 5 in Axes
  3973 | D:3      | Noticed Jessica
  3978 | D:3      | Killed Jessica
  3979 | D:3      | Reached XP level 6. HP: 33/49 MP: 5/5
  4403 | D:4      | Reached skill level 5 in Fighting
  4716 | D:4      | Reached ** piety under Hepliaklqana
  4888 | D:4      | Remembered your ancestor Centenhua as a hexer
  4914 | D:4      | Noticed a sky beast
  4927 | D:4      | Killed a sky beast
  4928 | D:4      | Reached skill level 6 in Axes
  4928 | D:4      | Reached XP level 7. HP: 47/54 MP: 6/6
  5191 | D:4      | Found a burning altar of Makhleb.
  5282 | D:5      | Found a stormy altar of Qazlal.
  5335 | D:5      | Reached skill level 7 in Axes
  5477 | D:5      | Learned a level 2 spell: Blink
  5568 | D:5      | Found a staircase to the Ecumenical Temple.
  5578 | D:5      | Reached skill level 5 in Dodging
  5578 | D:5      | Reached XP level 8. HP: 56/63 MP: 7/7
  5989 | D:5      | Identified the +7 trident of the Shining Light {vamp,
                  | Str+2}
  6484 | D:6      | Reached *** piety under Hepliaklqana
  6543 | D:6      | Noticed Pikel
  6555 | D:6      | Killed Pikel
  6556 | D:6      | Reached skill level 8 in Axes
  6556 | D:6      | Reached skill level 5 in Armour
  6796 | D:6      | Reached skill level 9 in Axes
  7150 | D:6      | Reached XP level 9. HP: 71/71 MP: 8/8
  7371 | D:6      | Found a hide-covered altar of Uskayaw.
  7653 | D:6      | You fall into a shaft and drop 1 floor!
  7693 | D:7      | Identified the +0 plate armour of Immorality {rElec}
  8138 | D:7      | Reached skill level 10 in Axes
  8218 | D:7      | Found Oruotuj's Weapon Boutique.
  8219 | D:7      | Reached **** piety under Hepliaklqana
  8287 | D:7      | Found a runed translucent gate.
  8287 | D:7      | Found a runed translucent gate.
  8287 | D:7      | Found a runed translucent gate.
  8294 | D:7      | Noticed ArabianNights's ghost (amateur DjGl)
  8639 | D:7      | Noticed an oklob plant
  8875 | D:7      | Found a sacrificial altar of Ru.
  8998 | D:8      | Noticed a manticore
  9002 | D:8      | Killed a manticore
  9007 | D:8      | Noticed a two-headed ogre
  9011 | D:8      | Reached skill level 11 in Axes
  9017 | D:8      | Killed a two-headed ogre
  9018 | D:8      | Reached XP level 10. HP: 52/81 MP: 9/9
  9615 | D:8      | Shot with an arrow by a centaur

Illustrated notes

Levels and vault maps discovered:
D:1:      giann_wishing_wells, layout_basic, minmay_pentomino_o4
D:2:      layout_loops_ring, kennysheep_generic_room_8
D:3:      layout_loops_cross, uniq_terence, uniq_jessica
D:4:      layout_basic, lemuel_round_altar,
          chequers_temple_overflow_statue_of_worship, portal_sewer_entry_f
D:5:      layout_loops_corners, grunt_qazlal_clouds,
          minmay_temple_entry_mini_moons, st_stairs_2, guppyfry_early_lair_pool
D:6:      layout_layer_cave, nicolae_uskayaw_suspiria, serial_bayou_lake_a,
          uniq_pikel
D:7:      lemuel_slime, layout_basic, serial_shops, nicolae_shop_crystal,
          biasface_ghost_orc_armoury, nicolae_ru_path_of_blood
D:8:      minmay_spotlight, layout_loops_cross,
          grunt_temple_overflow_growth_and_decay,
          nicolae_yredelemnul_ghost_church, enter_ossuary_1,
          minmay_shattered_shrine

Skill      XL: |  1  2  3  4  5  6  7  8  9 10 |
---------------+-------------------------------+-----
Axes           | 3 4 5 6 7 9 11 | 11.6
Armour         | 1 2 3 4 6 7 8 |  8.2
Fighting       | 4 5 6 7 8 9 |  9.1
Dodging        | 3 4 5 6 7 |  7.8
Stealth        | |  4.1

Action                   |  1- 3 |  4- 6 |  7- 9 | 10-12 || total
-------------------------+-------+-------+-------+-------++-------
Melee: Hand axe          |    30 |    23 |       |       ||    53
       Headbutt          |     5 |    25 |    45 |     4 ||    79
       War axe           |       |   102 |   203 |    44 ||   349
Throw: Stone             |       |    13 |     9 |     5 ||    27
Invok: Ancestor Life: He |       |     1 |       |       ||     1
       Recall Ancestor   |       |       |     1 |       ||     1
Evoke: Wand              |       |       |    14 |     1 ||    15
  Use: Potion            |     1 |       |     4 |     3 ||     8
       Scroll            |       |    10 |     2 |     2 ||    14
 Stab: Sleeping          |       |     7 |       |       ||     7
       Distracted        |       |     1 |     2 |       ||     3
       Confused          |       |       |     5 |       ||     5
Armor: Leather armour    |     9 |    10 |       |       ||    19
       Chain mail        |       |    31 |    92 |    18 ||   141
Dodge: Dodged            |    15 |    68 |    67 |    15 ||   165
Block: Other             |       |    32 |    41 |    11 ||    84
       Reflection        |       |     2 |     1 |       ||     3

Table legend: (Time is in decaauts)
 A = Elapsed time spent in this place.
 B = Non-inter-level travel time spent in this place.
 C = Inter-level travel time spent in this place.
 D = Time resting spent in this place.
 E = Time spent auto-exploring this place.
 F = Levels seen in this place.
 G = Mean time per level.
                   A        B        C        D        E       F      G
               +--------+--------+--------+--------+--------+-----+--------+
         Total |   9694 |   9412 |    282 |   1932 |   5985 |   8 | 1211.8 |
       Dungeon |   9694 |   9412 |    282 |   1932 |   5985 |   8 | 1211.8 |
               +--------+--------+--------+--------+--------+-----+--------+

Top non-repeatable levels by time:
     D:6: 2088 daAuts
     D:4: 1619 daAuts
     D:3: 1476 daAuts
     D:7: 1386 daAuts
     D:5: 1257 daAuts
     D:1: 915 daAuts
     D:2: 646 daAuts
     D:8: 303 daAuts
